 Dungeon Crawl Stone Soup version 0.28-a0-239-g68911e0c57 (webtiles) character file.

Game seed: 7923212594096672640

35 senseless the Skirmisher (level 3, 14/29 HPs)
             Began as a Demonspawn Monk on Aug 23, 2021.
             Was a Believer of Kikubaaqudgha.
             Quit the game on level 1 of the Dungeon.
             The game lasted 00:02:09 (1426 turns).

senseless the Skirmisher (Demonspawn Monk)          Turns: 1426, Time: 00:02:10

Health: 14/29      AC:  3    Str: 12    XL:     3   Next: 16%
Magic:  3/3        EV: 13    Int: 11    God:    Kikubaaqudgha [**....]
Gold:   42         SH:  0    Dex: 15    Spells: 2/2 levels left

rFire   . . .      SeeInvis .   a - +0 mace
rCold   . . .      Faith    .   (no shield)
rNeg    . . .      Spirit   .   b - +0 robe
rPois   .          Reflect  .   (no helmet)
rElec   .          Harm     .   (no cloak)
rCorr   .          Rampage  .   (no gloves)
Will    .....                   f - +0 pair of boots
Stlth   ++........              (no amulet)
HPRegen 0.09/turn               (no ring)
MPRegen 0.08/turn               (no ring)

@: no status effects
A: demonic guardian 1, ignite blood 1
a: Renounce Religion, Receive Corpses


You were on level 1 of the Dungeon.
You worshipped Kikubaaqudgha.
Kikubaaqudgha was pleased with you.
You visited 1 branch of the dungeon, and saw 2 of its levels.

You collected 42 gold pieces.

Inventory:

Hand Weapons
 a - a +0 mace (weapon)
Armour
 b - a +0 robe (worn)
 f - a +0 pair of boots (worn)
Scrolls
 c - a scroll of blinking {unknown}
 i - a scroll of identify {unknown}
Potions
 d - a potion of mutation {unknown}
 e - a potion of lignification {unknown}
 g - a potion of heal wounds
 h - a potion of resistance {unknown}


   Skills:
 + Level 3.3 Fighting
 + Level 3.2 Maces & Flails
 + Level 3.0 Dodging
 + Level 2.1 Stealth


You had 2 spell levels left.
You didn't know any spells.
Your spell library contained the following spells:

 Spells                   Type           Power      Damage    Failure   Level
 Animate Skeleton         Necr           0%         N/A       34%         1
 Pain                     Necr           0%         1d4       34%         1
 Sublimation of Blood     Necr           0%         N/A       47%         2
 Vampiric Draining        Necr           0%         2d6       71%         3


Dungeon Overview and Level Annotations

Branches:
Dungeon (2/15)

Altars:
Kikubaaqudgha


Innate Abilities, Weirdness & Mutations

A weak demonic guardian rushes to your aid.
Your demonic aura sometimes causes spilled blood to erupt in flames.


Message History

Kikubaaqudgha grants you a gift!
You add the spells Pain, Sublimation of Blood, Animate Skeleton and Vampiric Draining to your library.
Kikubaaqudgha is now protecting you from necromantic miscasts and death curses.
There is a shaft here.
A frilled lizard comes into view.
Found a scroll labelled SUNISSI ZUON and a robe.
Okay, then.
The helpless frilled lizard fails to defend itself.
You hit the frilled lizard.
You kill the frilled lizard!
Kikubaaqudgha accepts your kill.
No target in view!
Search for what [? for help]? .
i - a scroll labelled SUNISSI ZUON You see here a +0 robe.
An endoplasm comes into view.
Found a stone staircase leading down.
A kobold comes into view. It is wielding a +0 short sword.
The endoplasm quivers.
The endoplasm freezes you.
You are frozen.
You hit the endoplasm.
The endoplasm is moderately wounded.
The kobold shouts!
The kobold throws a stone.
The stone misses you. The endoplasm freezes you.
You are frozen.
You hit the endoplasm but do no damage.
The endoplasm is moderately wounded.
The endoplasm freezes you.
You are frozen.
You hit the endoplasm.
You kill the endoplasm!
Kikubaaqudgha accepts your kill.
The kobold throws a stone.
The stone barely misses you.
The kobold hits you with a +0 short sword.
You are too injured to fight recklessly!
You are too injured to fight recklessly!
You are too injured to fight recklessly!
Are you sure you want to abandon this character and quit the game? (Confirm with "yes".)

############### ###
#.............# #..
#.#.#########.## #.# #.#.#
##...## #.# #.#.#
##.....## #.# #.#.#
####.......# #.# #.#.#
#.....@....##########.#
#.#.#
#.##>.K.........#.....#
#.#[#
#.###.............#####
#.#.###.####...###8...8.#
#.#.#.....###.#####'''####
#.#.#.....###.##.........#
#.............##.........#
#####.....######.........#
#...........#≈.......≈#


You could see a kobold.

Vanquished Creatures
  A gnoll (D:1)
  4 endoplasms
  2 giant cockroaches (D:1)
  2 goblins (D:1)
  2 hobgoblins (D:1)
  2 kobolds (D:1)
  A quokka (D:1)
  3 ball pythons (D:1)
  2 bats (D:1)
  3 frilled lizards (D:1)
22 creatures vanquished.

Notes
Turn   | Place    | Note
-------+----------+-------------------------------------------
     0 | D:1      | senseless the Demonspawn Monk began the quest for the Orb.
     0 | D:1      | Reached XP level 1. HP: 18/18 MP: 1/1
   278 | D:1      | Gained mutation: Your demonic aura sometimes causes spilled
                  | blood to erupt in flames. [demonic ancestry]
   278 | D:1      | Reached XP level 2. HP: 24/24 MP: 2/2
   293 | D:1      | HP: 1/24 [gnoll (7)]
  1163 | D:1      | Gained mutation: A weak demonic guardian rushes to your
                  | aid. [demonic ancestry]
  1163 | D:1      | Reached XP level 3. HP: 27/29 MP: 3/3
  1311 | D:1      | Found a faded altar of an unknown god.
  1316 | D:1      | Became a worshipper of Kikubaaqudgha
  1316 | D:1      | Reached * piety under Kikubaaqudgha
  1316 | D:1      | Received a gift from Kikubaaqudgha
  1316 | D:1      | Reached ** piety under Kikubaaqudgha
  1426 | D:1      | Quit the game

Illustrated notes

Levels and vault maps discovered:
D:1:      scummos_arrival_gate, layout_loops_ring,
          hellmonk_ecumenical_altar_leap_of_faith
D:2:      layout_basic, basic_altar

Skill      XL: |  1  2 |
---------------+-------+-----
Maces & Flails | 3 |  3.2
Dodging        | 3 |  3.0
Stealth        | 2 |  2.1
Fighting       | |  3.3

Action                   || total
-------------------------++-------
Melee: Mace              ||    62
  Use: Potion            ||     1
 Stab: Sleeping          ||     7
Armor: Robe              ||    11
Dodge: Dodged            ||    53

Table legend: (Time is in decaauts)
 A = Elapsed time spent in this place.
 B = Non-inter-level travel time spent in this place.
 C = Inter-level travel time spent in this place.
 D = Time resting spent in this place.
 E = Time spent auto-exploring this place.
 F = Levels seen in this place.
 G = Mean time per level.
                   A        B        C        D        E       F      G
               +--------+--------+--------+--------+--------+-----+--------+
         Total |   1441 |   1441 |      0 |    259 |    954 |   2 |  720.5 |
       Dungeon |   1441 |   1441 |      0 |    259 |    954 |   2 |  720.5 |
               +--------+--------+--------+--------+--------+-----+--------+

Top non-repeatable levels by time:
     D:1: 1177 daAuts
     D:2: 263 daAuts
